 Dungeon Crawl Stone Soup version 0.18-a0-1070-gd466a24 (webtiles) character file.

47 TriBird the Shield-Bearer (level 3, 0/29 HPs)
             Began as a Formicid Fighter on Jan 13, 2016.
             Succumbed to an adder's poison
             ... on level 2 of the Dungeon.
             The game lasted 00:17:50 (1506 turns).

TriBird the Shield-Bearer (Formicid Fighter)        Turns: 1506, Time: 00:17:50

Health: 0/29       AC:  6    Str: 21    XL:     3   Next: 97%
Magic:  3/3        EV:  8    Int:  7    God:
Gold:   88         SH:  9    Dex: 10    Spells: 0 memorised, 2 levels left

rFire  . . .     SeeInvis +     a - +0 war axe
rCold  . . .     Gourm    .     b - +0 scale mail
rNeg   . . .     Faith    .     c - +0 shield
rPois  .         Spirit   .     (helmet unavailable)
rElec  .         Dismiss  .     (no cloak)
rCorr  .         Reflect  .     (no gloves)
SustAt .         Harm     +     (no boots)
MR     .....                    q - amulet of harm
Stlth  ..........               (no ring)
                                (no ring)

@: lethally poisoned (0 -> -3), not resistant to hostile enchantments, extremely
unstealthy
A: permanent stasis, dig shafts and tunnels, four strong arms, antennae 3
a: Dig, Shaft Self


You were on level 2 of the Dungeon.
You were not hungry.

You visited 1 branch of the dungeon, and saw 2 of its levels.

You collected 88 gold pieces.

Inventory:

Hand Weapons
 a - a +0 war axe (weapon)
 h - a +0 dagger
 j - a +0 hand axe
 k - a +0 club
 l - a +0 dagger
Missiles
 e - 82 stones (quivered)
 f - 12 bolts
 i - 2 needles of frenzy
 m - 2 tomahawks
Armour
 b - a +0 scale mail (worn)
 c - a +0 shield (worn)
 n - a +0 shield
 s - a +0 leather armour
Jewellery
 q - an amulet of harm (around neck)
Scrolls
 o - a scroll of remove curse {unknown}
 p - 2 scrolls of identify {unknown}
 r - a scroll of teleportation {unknown}
 t - a scroll of noise {unknown}
Potions
 d - 3 potions of might
Comestibles
 g - a slice of pizza


   Skills:
 + Level 3.5 Fighting
 + Level 2.4 Axes
 + Level 3.6 Armour
 + Level 1.0 Dodging
 + Level 4.3 Shields


You had 2 spell levels left.
You didn't know any spells.

Dungeon Overview and Level Annotations

Branches:
Dungeon (2/15)

Altars:
Zin

Shops:
D:2 *

Annotations:
D:2 Sigmund


Innate Abilities, Weirdness & Mutations

You are under a permanent stasis effect.
You can dig through walls and to a lower floor.
Your four strong arms can wield two-handed weapons with a shield.
You have a pair of large antennae on your head (SInv).


Message History

You block the adder's attack. Sigmund barely misses you.
The adder bites you but does no damage.
You slash the adder!
You kill the adder!
Your Dodging skill increases to level 1!
Sigmund smiles chillingly.
You block Sigmund's attack.
You completely miss the goblin.
You feel sick. You block the goblin's attack. Sigmund casts a spell at you.
The magic dart hits you! The goblin hits you but does no damage.
You block Sigmund's attack.
You closely miss the goblin. The goblin barely misses you.
Sigmund hits you but does no damage.
You hit the goblin but do no damage. The goblin barely misses you.
The goblin hits you with a dagger.
* * * LOW HITPOINT WARNING * * *
Sigmund hits you from afar with a scythe.
* * * LOW HITPOINT WARNING * * *
You barely miss the goblin.
You die...

#. ....... #.
..<.... #.#.......
##.........
##.......... ..
##........... ## .
## #.....# # ..#..
##.###g# #
....###..# #@### .#
#..#...###...# ..
#....†..@##.# .#
#.....#.####.##.# .#
##.## #.# #....# ..
.. #.# ###>.##
....###.### #...#
..........####...###
....###.....###....#


You could see Sigmund and a goblin.

Vanquished Creatures
  An adder (D:2)
  A worm (D:2)
  3 giant geckos
  4 bats
  A giant cockroach (D:1)
  3 goblins
  7 hobgoblins
  4 giant newts
  4 kobolds (D:1)
  4 rats
32 creatures vanquished.

Notes
Turn   | Place    | Note
--------------------------------------------------------------
     0 | D:1      | TriBird the Formicid Fighter began the quest for the Orb.
     0 | D:1      | Reached XP level 1. HP: 18/18 MP: 1/1
   166 | D:1      | Reached XP level 2. HP: 24/24 MP: 2/2
   237 | D:1      | Reached skill level 4 in Shields
   753 | D:1      | Reached XP level 3. HP: 29/29 MP: 3/3
   920 | D:2      | Noticed Sigmund
   928 | D:2      | Found Zin's Purification Station.
   933 | D:2      | Found a glowing silver altar of Zin.
   947 | D:2      | HP: 1/29 [Sigmund/puff of flame (5)]
   956 | D:2      | HP: 1/29 [goblin/stone (1)]
   976 | D:2      | HP: 1/29 [goblin/stone (1)]
  1502 | D:2      | Reached skill level 1 in Dodging
  1505 | D:2      | HP: 1/29 [Sigmund/scythe (7)]
  1506 | D:2      | Succumbed to an adder's poison

Vault maps used:
D:1:      dpeg_arrival_solitude, corexii_corridor_pit, minmay_misc_feat_encased,
          minmay_misc_feat_square, minmay_unequal
D:2:      zin_purify, uniq_sigmund

Action                   || total
-------------------------++-------
Melee: War axe           ||   145
  Eat: Bread ration      ||     1
